 Seeded DCSS version 0.29.1-15-g9cfb28693d (webtiles) character file.

Game seed: 20230320 (custom seed)

7346 Parcival the Cleaver (level 10, -1/91 HPs)
             Began as a Minotaur Fighter on Mar 20, 2023.
             Succumbed to a cyclops's dark miasma
             ... on level 9 of the Dungeon.
             The game lasted 00:23:33 (9256 turns).

Parcival the Cleaver (Minotaur Fighter)             Turns: 9256, Time: 00:23:34

Health: -1/91      AC: 19    Str: 33    XL:     10   Next: 91%
Magic:  9/9        EV: 10    Int:  2    God:
Gold:   573        SH:  7    Dex: 19    Spells: 9/9 levels left

rFire   . . .      SeeInvis .   a - +2 war axe (vorpal)
rCold   . . .      Faith    .   c - +1 buckler
rNeg    + + .      Spirit   .   d - +0 plate armour
rPois   .          Reflect  .   (helmet restricted)
rElec   .          Harm     .   (no cloak)
rCorr   .          Rampage  .   l - +2 pair of gloves {Str+3}
Will    .....                   n - +0 pair of boots
Stlth   ..........              u - amulet of the Coward {+Inv rN++ Regen+ Int-5 Dex+4}
HPRegen 1.05/turn               F - +6 ring of strength
MPRegen 0.11/turn               t - +6 ring of dexterity

@: lethally poisoned (-1 -> -74), on berserk cooldown, slowed, very slow
A: horns 2, retaliatory headbutt
a: Evoke Invisibility


You were on level 9 of the Dungeon.
You visited 1 branch of the dungeon, and saw 9 of its levels.
You also visited: Ossuary.

You collected 573 gold pieces.

Inventory:

Hand Weapons
 a - a +2 vorpal war axe (weapon)
Missiles
 x - 2 throwing nets (quivered)
Armour
 c - a +1 buckler (worn)
 d - a +0 plate armour (worn)
 l - a +2 pair of gloves of strength (worn)
 n - a +0 pair of boots (worn)
Jewellery
 f - an amulet of guardian spirit
 h - a ring of see invisible
 t - a +6 ring of dexterity (right hand)
 u - the amulet of the Coward (around neck) {+Inv rN++ Regen+ Int-5 Dex+4}
   (You acquired it in an ossuary)

   [amulet of regeneration]

   Int:       It affects your intelligence (-5).
   Dex:       It affects your dexterity (+4).
   rN:        It greatly protects you from negative energy.
   +Inv:      It lets you turn invisible.
   Regen:     It increases your rate of health regeneration.
 F - a +6 ring of strength (left hand)
Wands
 b - a wand of digging (7)
 e - a wand of charming (6)
 H - a wand of roots (5)
Scrolls
 g - 14 scrolls of identify
 m - 3 scrolls of fear
 w - 2 scrolls of butterflies
 y - a scroll of silence
 B - 4 scrolls of teleportation
 C - a scroll of amnesia
 D - a scroll of magic mapping
Potions
 i - 4 potions of brilliance
 j - 2 potions of heal wounds
 k - 2 potions of berserk rage
 o - a potion of ambrosia
 p - 3 potions of magic
 q - 7 potions of curing
 r - 2 potions of invisibility
 s - 2 potions of mutation
 v - 2 potions of haste
 z - 4 potions of attraction
 A - a potion of cancellation
 E - 6 potions of flight
Miscellaneous
 G - a lightning rod (4/4)


   Skills:
 + Level 9.2 Fighting
 + Level 13.6 Axes
 + Level 9.2 Armour
 + Level 4.4 Dodging
 + Level 2.7 Stealth
 + Level 7.3 Shields


You had 9 spell levels left.
You didn't know any spells.
Your spell library contained the following spells:

 Spells                   Type           Power      Damage    Failure   Level
 Sting                    Tmut/Pois      0%         1d3       99%         1
 Blink                    Tloc           0%         N/A       100%        2
 Poisonous Vapours        Pois/Air       0%         N/A       100%        2
 Lesser Beckoning         Tloc           0%         N/A       100%        3
 Olgreb's Toxic Radiance  Pois           0%         N/A       100%        4
 Manifold Assault         Tloc           0%         N/A       100%        5


Dungeon Overview and Level Annotations

Branches:
Dungeon (9/15)             Temple (0/1) D:7         Ossuary (visited)
   Lair: D:8-11         Orc: D:9-12

Altars:
Elyvilon
Kikubaaqudgha
Makhleb
Nemelex Xobeh
Sif Muna
Xom

Shops:
D:3 :   D:7 !


Innate Abilities, Weirdness & Mutations

You have a pair of horns on your head.
You reflexively headbutt those who attack you in melee.


Message History

The snapping turtle changes into a death drake!
The red ugly thing gores you.
You are engulfed in flames!
The cyan ugly thing barely misses you.
You slice the cyan ugly thing!! You headbutt the cyan ugly thing!
You kill the cyan ugly thing!
You slash the red ugly thing! The red ugly thing gores you.
You are engulfed in flames!
You slice the red ugly thing!!
The red ugly thing is almost dead.
You barely miss the death drake. You slash the red ugly thing!
You kill the red ugly thing!
You're too confused to move!
You feel less confused. The death drake breathes miasma at you.
The foul vapour engulfs you!
You are poisoned.
You feel a strong urge to attack something.
You are engulfed in dark miasma.
You are more poisoned.
* * * LOW HITPOINT WARNING * * *
You feel extremely sick. The death drake bites you.
* * * LOW HITPOINT WARNING * * *
You are too berserk!
You hit the death drake. Your headbutt misses the death drake.
The death drake is lightly wounded.
You are engulfed in dark miasma.
You are more poisoned.
You feel yourself slow down.
* * * LOW HITPOINT WARNING * * *
You are no longer berserk.
You are exhausted.
You feel as though you will be slow longer.
* * * LOW HITPOINT WARNING * * *
You feel extremely sick.
The death drake changes into a cyclops!
You feel much better.
You are engulfed in dark miasma.
You are more poisoned.
* * * LOW HITPOINT WARNING * * *
You die...

# ####### #
#######.....# #
.#§...#..###.# #
#!#.#.#.....># #
.#..!.°°.°##.# #
..!#!.'C@°##.# #
.#§..!'°☼###.# #
#.#.#.#°°# #.# #
.#....#..###.### ###
#######.......# ..#
####..#.#
..############## #..#.#
..##...........# #....#
..##......(....####..#.#


You could see a cyclops shaped shifter.

Vanquished Creatures
  A two-headed ogre (D:5)
  A glowing orange brain (D:9)
  4 ugly things (D:9)
  A kobold demonologist (D:9)
  A hornet (D:9)
  4 wyverns
  2 steam dragons
  The ghost of middlethird the Magician, an amateur MeEE (D:3)
  2 water moccasins
  3 orc warriors
  An ogre (D:7)
  2 centaurs
  2 kobold brigands (D:9)
  A bullfrog (D:8)
  A necrophage (D:6)
  8 scorpions
  An elf zombie (D:4)
  4 wights (D:9)
  3 howler monkeys
  A lava snake (D:7)
  3 quasits (D:3)
  3 gnoll boudas
  3 orc priests
  3 centaur zombies (Ossuary)
  A hound (D:5)
  2 human zombies (Ossuary)
  A jelly (D:5)
  4 human skeletons (D:4)
  Jessica (D:2)
  4 iguanas
  4 scorpion zombies (Ossuary)
  8 orc wizards
  3 mummies (Ossuary)
  8 adders
  15 gnolls
  2 ufetubi (D:5)
  A worm (D:2)
  5 dart slugs
  30 orcs
  8 endoplasms
  3 gnoll zombies (Ossuary)
  8 hobgoblins
  5 jackals
  A quokka (D:1)
  5 ball pythons
  3 bats
  2 frilled lizards (D:3)
  7 goblins
  A hobgoblin zombie (Ossuary)
  10 kobolds
  A kobold zombie (Ossuary)
  An orc skeleton (D:4)
  2 orc zombies (Ossuary)
  3 rats
205 creatures vanquished.

Vanquished Creatures (others)
  An orc (D:7)
  A giant cockroach (D:4)
2 creatures vanquished.

Grand Total: 207 creatures vanquished

Notes
Turn   | Place    | Note
-------+----------+-------------------------------------------
     0 | D:1      | Parcival the Minotaur Fighter began the quest for the Orb.
     0 | D:1      | Reached XP level 1. HP: 19/19 MP: 0/0
     2 | D:1      | Noticed a naga
     2 | D:1      | Noticed a draconian
     4 | D:1      | Noticed a formicid
     4 | D:1      | Noticed a demigod
     6 | D:1      | Noticed a vampire
     6 | D:1      | Noticed a palentonga
     9 | D:1      | Noticed a troll
    11 | D:1      | Noticed a felid
    11 | D:1      | Noticed a vine stalker
    13 | D:1      | Noticed an ogre
    13 | D:1      | Noticed an elf
    15 | D:1      | Noticed a minotaur
    15 | D:1      | Noticed a ghoul
    17 | D:1      | Noticed a spriggan
    19 | D:1      | Noticed a demonspawn
    19 | D:1      | Noticed a tengu
    21 | D:1      | Noticed an octopode
    21 | D:1      | Noticed a meteoran
    23 | D:1      | Noticed a gargoyle
    25 | D:1      | Noticed a felid
    25 | D:1      | Noticed a merfolk
    27 | D:1      | Noticed a human
    27 | D:1      | Noticed a minotaur
   432 | D:1      | Reached XP level 2. HP: 23/27 MP: 1/1
  1067 | D:2      | Reached skill level 3 in Axes
  1067 | D:2      | Reached XP level 3. HP: 2/33 MP: 2/2
  1220 | D:2      | Noticed Jessica
  1226 | D:2      | Killed Jessica
  1227 | D:2      | Reached XP level 4. HP: 40/40 MP: 3/3
  1639 | D:2      | Reached skill level 4 in Axes
  2112 | D:3      | Found a transporter.
  2114 | D:3      | Noticed middlethird's ghost (amateur MeEE)
  2171 | D:3      | Found a transporter.
  2595 | D:3      | Found Vajie's Book Emporium.
  3161 | D:3      | Reached XP level 5. HP: 47/47 MP: 4/4
  3162 | D:3      | Reached skill level 1 in Stealth
  3167 | D:3      | Reached skill level 5 in Armour
  3177 | D:3      | Killed middlethird's ghost
  3178 | D:3      | Reached skill level 5 in Axes
  3178 | D:3      | Reached XP level 6. HP: 38/53 MP: 5/5
  3598 | D:4      | Identified the +2 leather armour of Lucidity {rN+ Int+4}
  3667 | D:4      | Found a sand-covered staircase.
  3671 | D:4      | Reached skill level 1 in Dodging
  3678 | Ossuary  | Entered an ossuary
  3739 | Ossuary  | Reached XP level 7. HP: 57/60 MP: 6/6
  3771 | Ossuary  | Reached skill level 5 in Shields
  3778 | Ossuary  | Reached skill level 6 in Axes
  3785 | Ossuary  | Reached skill level 5 in Fighting
  4081 | Ossuary  | Reached skill level 7 in Axes
  4158 | Ossuary  | Reached XP level 8. HP: 67/69 MP: 7/7
  4460 | Ossuary  | Identified a scroll of acquirement
  4460 | Ossuary  | Acquired the amulet of the Coward {+Inv rN++ Regen+ Int-5
                  | Dex+4}
  4469 | Ossuary  | Lost intelligence.
  4832 | D:4      | Found a white marble altar of Elyvilon.
  4907 | D:4      | Reached skill level 8 in Axes
  5218 | D:5      | Entered Level 5 of the Dungeon
  5877 | D:5      | Noticed a two-headed ogre
  5886 | D:5      | Killed a two-headed ogre
  5887 | D:5      | Reached skill level 9 in Axes
  5887 | D:5      | Reached XP level 9. HP: 20/78 MP: 8/8
  6357 | D:6      | Reached skill level 10 in Axes
  7005 | D:7      | Found a staircase to the Ecumenical Temple.
  7091 | D:7      | Found a burning altar of Makhleb.
  7091 | D:7      | Found an ancient bone altar of Kikubaaqudgha.
  7163 | D:7      | Found Zoikh's Distillery.
  8096 | D:8      | Found a sparkling altar of Nemelex Xobeh.
  8097 | D:8      | Found a shimmering blue altar of Sif Muna.
  8131 | D:8      | Reached skill level 11 in Axes
  8378 | D:8      | Found a shimmering altar of Xom.
  8379 | D:8      | Found a shimmering altar of Xom.
  8379 | D:8      | Found a shimmering altar of Xom.
  8380 | D:8      | Found a shimmering altar of Xom.
  8670 | D:9      | Reached XP level 10. HP: 88/88 MP: 9/9
  8679 | D:9      | Paralysed by a hornet for 2 turns
  8713 | D:9      | Reached skill level 12 in Axes
  8895 | D:9      | Found a runed translucent gate.
  8897 | D:9      | Noticed an eye of devastation
  8897 | D:9      | Noticed a white ugly thing
  8897 | D:9      | Noticed a glowing orange brain
  8897 | D:9      | Noticed a red ugly thing
  8899 | D:9      | Noticed a purple ugly thing
  8900 | D:9      | Found a runed translucent gate.
  8900 | D:9      | Found a runed translucent gate.
  8900 | D:9      | Noticed a white ugly thing
  8906 | D:9      | Noticed a water nymph
  8906 | D:9      | an eye of devastation changed into a water nymph
  8910 | D:9      | a water nymph changed into a swamp worm
  8913 | D:9      | Noticed a sea snake
  8913 | D:9      | a swamp worm changed into a sea snake
  8914 | D:9      | Noticed a shock serpent
  8914 | D:9      | a sea snake changed into a shock serpent
  8916 | D:9      | Noticed a faun
  8916 | D:9      | a shock serpent changed into a faun
  8917 | D:9      | Noticed a sea snake
  8917 | D:9      | a faun changed into a sea snake
  9245 | D:9      | Killed a glowing orange brain
  9245 | D:9      | Noticed an elephant
  9245 | D:9      | a komodo dragon changed into an elephant
  9246 | D:9      | Killed a red ugly thing
  9246 | D:9      | Killed a cyan ugly thing
  9247 | D:9      | Reached skill level 13 in Axes
  9247 | D:9      | an elephant changed into a snapping turtle
  9248 | D:9      | Noticed a death drake
  9248 | D:9      | a snapping turtle changed into a death drake
  9249 | D:9      | Killed a cyan ugly thing
  9252 | D:9      | Killed a red ugly thing
  9255 | D:9      | Noticed a cyclops
  9255 | D:9      | a death drake changed into a cyclops
  9256 | D:9      | Succumbed to a cyclops's dark miasma

Illustrated notes

Levels and vault maps discovered:
D:1:      kb_arrival_jail, layout_loops_corners, minmay_strange_pillars
D:2:      minmay_door_path, layout_loops_cross, uniq_jessica
D:3:      layout_loops_corners, serial_shops, shop, gammafunk_ghost_stat_death,
          roderic_roman_lattice, feat_on_display
D:4:      layout_cave_pools, elyvilon_altar_4, nicolae_ossuary_entry_catacombs
D:5:      layout_cave_pools, nicolae_concentric_dashed_squares_mild,
          minmay_increasing_density
D:6:      layout_cave_pools, ebering_dispersal_statue_hall, lightli_orcish_oven
D:7:      nicolae_whirlpool, layout_loops_corners,
          nicolae_overflow_two_pavilions, minmay_temple_entry_statues_pillars,
          serial_shops, shop
D:8:      layout_rooms, xom_redecorated, nicolae_overflow_hidden_temple
D:9:      layout_basic, ploomutoo_gammafunk_ghost_potion_laboratory

Skill      XL: |  1  2  3  4  5  6  7  8  9 10 |
---------------+-------------------------------+-----
Armour         | 4 5 6 7 8 9 |  9.2
Axes           | 3 4 5 7 9 11 13 | 13.6
Fighting       | 4 5 6 7 9 |  9.2
Shields        | 4 5 6 7 |  7.3
Stealth        | 1 2 |  2.7
Dodging        | 1 3 4 |  4.4

Action                   |  1- 3 |  4- 6 |  7- 9 | 10-12 || total
-------------------------+-------+-------+-------+-------++-------
Melee: War axe           |    39 |    90 |   226 |    86 ||   441
       Headbutt          |     5 |    14 |    55 |     8 ||    82
Evoke: Wand              |       |       |     1 |       ||     1
  Use: Scroll            |     6 |     7 |    17 |       ||    30
       Potion            |     1 |       |     2 |     6 ||     9
Armor: Scale mail        |    18 |    51 |    58 |       ||   127
       Leather armour    |       |       |    25 |       ||    25
       Plate armour      |       |       |    47 |    28 ||    75
       Skin              |       |       |     3 |    11 ||    14
Dodge: Dodged            |    20 |    51 |   112 |    25 ||   208
Block: Buckler           |    12 |    19 |    74 |    20 ||   125
